 Dungeon Crawl Stone Soup version 0.30-a0-715-gdb4ae3ece1 (webtiles) character file.

Game seed: 10841096639018751125

54887 croobank the Severer (level 14, -5/133 HPs)
             Began as a Hill Orc Fighter on Jan 23, 2023.
             Was the Champion of Beogh.
             Slain by a sixfirhy (14 damage)
             ... summoned by an orc sorcerer
             ... on level 2 of the Orcish Mines.
             The game lasted 01:17:31 (15819 turns).

croobank the Severer (Hill Orc Fighter)            Turns: 15819, Time: 01:17:32

Health: -5/133     AC: 20    Str: 30    XL:     14   Next: 74%
Magic:  22/23      EV:  8    Int:  8    God:    Beogh [******]
Gold:   778        SH: 13    Dex: 10    Spells: 13/13 levels left

rFire   . . .      SeeInvis +    a - +2 war axe (elec)
rCold   . . .      Faith    .    n - +1 kite shield
rNeg    . . .      Spirit   .    h - +0 plate armour
rPois   .          Reflect  .    u - +0 helmet
rElec   .          Harm     +    c - scarf {harm}
rCorr   .          Rampage  .    L - +0 pair of gloves
Will    ++...                    Q - +0 pair of boots Stlth
                                 e - amulet of regeneration
HPRegen 1.22/turn                r - +4 ring of slaying
MPRegen 0.18/turn                b - ring "Amaaton" {Will+ Str+6 SInv}

@: studying Dodging
A: walk on water
a: Renounce Religion, Smiting, Recall Orcish Followers, Give Item to Named
Follower, Resurrection


You were on level 2 of the Orcish Mines.
You worshipped Beogh.
Beogh was exalted by your worship.
You visited 3 branches of the dungeon, and saw 18 of its levels.

You collected 1273 gold pieces.
You spent 495 gold pieces at shops.

Inventory:

Hand Weapons
 a - a +2 war axe of electrocution (weapon)
 H - a +1 morningstar of protection
 N - a +3 flail of holy wrath
Missiles
 G - 12 javelins (quivered)
 I - 6 curare-tipped darts
 U - 2 throwing nets
 V - 7 atropa-tipped darts
Armour
 c - a scarf of harm (worn)
 h - a +0 plate armour (worn)
 n - a +1 kite shield (worn)
 u - a +0 helmet (worn)
 L - a +0 pair of gloves (worn)
 O - a +2 chain mail of poison resistance
 Q - a +0 pair of boots (worn)
 T - a +0 troll leather armour
 X - a +0 cloak
Jewellery
 b - the ring "Amaaton" (right hand) {Will+ Str+6 SInv}
   (You found it on level 2 of the Lair of Beasts)

   [ring of strength]

   Str:       It affects your strength (+6).
   SInv:      It lets you see invisible.
   Will:      It increases your willpower.
 d - a +6 ring of dexterity
 e - an amulet of regeneration (around neck)
 p - a ring of poison resistance
 r - a +4 ring of slaying (left hand)
 t - a ring of ice
 w - an amulet of the acrobat
 x - a ring of protection from fire
 z - the ring "Juotot" {rElec MP+9 Dex-2 Slay+2}
   (You acquired it on level 3 of the Lair of Beasts)

   [ring of magical power]

   Dex:       It affects your dexterity (-2).
   Slay:      It affects your accuracy & damage with ranged weapons and melee
   (+2).
   rElec:     It insulates you from electricity.
   MP:        It affects your magic capacity (+9).
 D - a ring of flight
 W - an amulet of faith
 Z - a +4 ring of slaying
Wands
 f - a wand of charming (1)
 i - a wand of iceblast (3)
 v - a wand of light (2)
 C - a wand of polymorph (14)
 F - a wand of flame (25)
 M - a wand of digging (6)
Scrolls
 k - 4 scrolls of teleportation
 y - a scroll of fear
 A - a scroll of identify
 B - 2 scrolls of magic mapping
 S - a scroll of silence
 Y - a scroll of enchant armour
Potions
 g - 2 potions of attraction
 j - 3 potions of haste
 l - 7 potions of mutation
 m - 4 potions of curing
 o - a potion of resistance
 q - a potion of cancellation
 s - 2 potions of heal wounds
 E - 3 potions of lignification
 J - 3 potions of invisibility
 P - a potion of might
Miscellaneous
 K - a phantom mirror
 R - a tin of tremorstones (2/2)


   Skills:
 + Level 14.6 Fighting
 + Level 15.5 Axes
 + Level 13.5 Armour
 + Level 1.9 Dodging
 + Level 13.5 Shields
 + Level 12.0 Invocations


You had 13 spell levels left.
You didn't know any spells.
Your spell library contained the following spells:

 Spells                   Type           Power      Damage    Failure   Level
 Magic Dart               Conj           0%         1d3       99%         1
 Sandblast                Erth           0%         2d4       99%         1
 Shock                    Conj/Air       0%         1d3       99%         1
 Sting                    Tmut/Pois      0%         1d3       99%         1
 Passwall                 Tmut/Erth      0%         N/A       100%        2
 Poisonous Vapours        Pois/Air       0%         N/A       100%        2
 Searing Ray              Conj           0%         2d4       100%        2
 Sublimation of Blood     Necr           0%         N/A       100%        2
 Stone Arrow              Conj/Erth      0%         3d7       100%        3
 Swiftness                Air            0%         N/A       100%        3
 Airstrike                Air            0%         2d(0-16)  100%        4
 Animate Dead             Necr           0%         N/A       100%        4
 Fulminant Prism          Conj/Hex       0%         3d5       100%        4
 Olgreb's Toxic Radiance  Pois           0%         N/A       100%        4
 Passage of Golubria      Tloc           0%         N/A       100%        4
 Petrify                  Tmut/Erth      0%         N/A       100%        4
 Summon Ice Beast         Ice/Summ       0%         N/A       100%        4
 Borgnjor's Vile Clutch   Necr/Erth      0%         N/A       100%        5
 Irradiate                Conj/Tmut      0%         3d11      100%        5
 Silence                  Hex/Air        0%         N/A       100%        5
 Summon Mana Viper        Hex/Summ       0%         N/A       100%        5
 Death Channel            Necr           0%         N/A       100%        6
 Monstrous Menagerie      Summ           0%         N/A       100%        7
 Lehudib's Crystal Spear  Conj/Erth      0%         10d2      100%        8


Dungeon Overview and Level Annotations

Branches:
Dungeon (11/15)            Temple (0/1) D:6            Lair (5/5) D:8
  Swamp (0/4) Lair:3       Spider (0/4) Lair:2        Slime (0/5) Lair:4
    Orc (2/2) D:10            Elf (0/3) Orc:2

Altars:
Gozag
Nemelex Xobeh
Okawaru
Qazlal
Ru
Wu Jian
Xom
Yredelemnul
Jiyva

Shops:
D:6 ?[(*(   Orc:2 [=*(

Annotations:
D:11 1 transporter
Lair:2 3 runed translucent doors, ParallaxScroll's ghost, journeyman TrHs


Message History

You slice the ettin!!
The ettin is almost dead.
You block the ettin's attack.
The ettin hits you with a +0 dire flail!!!
* * * LOW HITPOINT WARNING * * *
Something hits your orc.
Your orc goes into a battle-frenzy!
Your orc wizard casts a spell at the ettin.
The puff of flame hits the ettin.
The ettin dies!
Beogh accepts your kill.
Your orc wizard looks more experienced.
The orc sorcerer casts a spell.
Your orc barely misses something.
The orc warrior closely misses your orc wizard.
Your Invocations skill increases to level 12!
Okay, then.
Unknown command.
Your orc hits something with a +0 flail!
Beogh accepts your kill.
You feel a bit more experienced.
Something barely misses the orc sorcerer.
Your orc knight hits the orc warrior from afar with a +0 glaive!
The orc warrior hits your orc wizard but does no damage.
Your orc wizard hits the orc warrior but does no damage.
Things that are here:
a +0 mace; 29 gold pieces; an orc corpse
Aiming: Polymorph
Press: ? - help, Shift-Dir - straight line, f - sixfirhy
Aim: a sixfirhy (summoned, will become a neqoxec, a smoke demon, or a sun demon, chance to affect: 17%)
Okay, then.
Aiming: Iceblast
Press: ? - help, Shift-Dir - straight line The mass of ice explodes!
The iceblast engulfs the sixfirhy!
The sixfirhy is moderately wounded.
You hear a shout!
The sixfirhy hits you!
* * * LOW HITPOINT WARNING * * *
The sixfirhy shocks you!
You die...

....P######.....((.P.....
......P.##...............
.........#......8........
......P....P...∩....P....
................^.......#
..∩..........(....P......
.8.......................
.........................
......)3@.........##.....
.......#.#.......#.##....
......#..................
......o..........#.#.....
..o.#o.......#.##. ..>..#
....o##.....#### ....#
..o.. ##.#.## .## ..
#####


You could see a sixfirhy (summoned), an orc sorcerer, an orc warrior
(distracted, ally target), a friendly orc knight and a friendly orc wizard
(strong).

Vanquished Creatures
  A stone giant (Orc:2)
  2 ettins (Orc:2)
  2 hydras (Lair:5)
  4 catoblepae
  A merfolk avatar (Lair:5)
  A ghost crab (Lair:3)
  2 two-headed ogres
  A boulder beetle (Lair:5)
  8 death yaks (Lair:5)
  Urug (D:10)
  A spectral hydra (Lair:3)
  3 sea snakes (Lair:5)
  Pikel (D:8)
  An orc knight (Orc:1)
  An ugly thing (D:9)
  9 elephants
  5 cyclopes (Orc:2)
  An oklob plant (Lair:1)
  A manticore (D:10)
  4 black mambas
  A torpor snail (Lair:5)
  7 komodo dragons
  Maggie (D:7)
  10 cane toads
  3 rime drakes (Lair:5)
  An unseen horror (D:10)
  A troll (Orc:1)
  5 polar bears
  A meliai (Lair:2)
  3 hornets
  2 wind drakes (Lair:5)
  Grinder (D:4)
  12 blink frogs
  12 dream sheep
  A spectral black mamba (Lair:3)
  Sigmund (D:5)
  2 wyverns
  A wraith (D:10)
  33 yaks
  6 basilisks
  3 steam dragons
  Menkaure (D:5)
  2 wargs
  An acid dragon (D:9)
  Edmund (D:5)
  17 water moccasins
  4 sky beasts
  2 ice beasts
  Duvessa (D:5)
  8 orc warriors
  7 black bears
  4 boggarts (Lair:4)
  3 centaurs
  6 wolves
  2 ogres
  2 phantoms (D:4)
  A kobold brigand (D:6)
  2 lemures (D:8)
  11 bullfrogs
  2 gnoll sergeants
  A scorpion (D:5)
  2 necrophages (D:6)
  13 wights
  Dowan (D:5)
  13 killer bees
  6 howler monkeys
  4 electric eels
  3 jellies
  3 gnoll boudas
  5 hounds
  4 orc priests (D:10)
  2 iguanas (D:6)
  10 orc wizards
  5 hell rats (Lair:3)
  Natasha (twice) (D:4)
  18 gnolls
  9 adders
  A white imp (D:5)
  2 ufetubi
  A worm (D:4)
  41 orcs
  9 endoplasms
  A giant cockroach (D:3)
  A goblin (D:2)
  5 hobgoblins
  4 jackals (D:1)
  24 kobolds
  2 quokkas
  9 ball pythons
  5 bats
  4 frilled lizards
  4 rats
448 creatures vanquished.

Vanquished Creatures (collateral kills)
  An ettin (Orc:2)
  3 cyclopes (Orc:2)
  An orc sorcerer (Orc:2)
  A harpy (Lair:5)
  A polar bear (Lair:5)
  A hornet (Lair:5)
  A wyvern (Lair:5)
  A yak (Lair:5)
  A basilisk (Lair:5)
  A steam dragon (Lair:5)
  3 orc warriors (Orc:2)
  A wolf (Lair:5)
  3 orcs (Orc:2)
19 creatures vanquished.

Vanquished Creatures (others)
  An orc knight (Lair:5)
  4 orc warriors
  2 orc priests (Lair:5)
  4 orc wizards
  A gnoll (D:6)
  6 orcs
  A ball python (D:4)
  42 fungi
  84 plants
145 creatures vanquished.

Grand Total: 612 creatures vanquished

Notes
Turn   | Place    | Note
-------+----------+-------------------------------------------
     0 | D:1      | croobank the Hill Orc Fighter began the quest for the Orb.
     0 | D:1      | Reached XP level 1. HP: 19/19 MP: 1/1
   131 | D:1      | Reached skill level 3 in Axes
   131 | D:1      | Reached XP level 2. HP: 27/27 MP: 2/2
   558 | D:2      | Reached XP level 3. HP: 32/33 MP: 3/3
   887 | D:2      | Found a shimmering altar of Xom.
  1514 | D:3      | Found a faded altar of an unknown god.
  1518 | D:3      | Reached XP level 4. HP: 40/40 MP: 4/4
  1593 | D:3      | Found a sparkling altar of Nemelex Xobeh.
  1987 | D:4      | Noticed Natasha
  1996 | D:4      | Killed Natasha
  1997 | D:4      | Reached skill level 4 in Axes
  1997 | D:4      | Reached XP level 5. HP: 45/47 MP: 5/5
  2085 | D:4      | Noticed a black bear
  2097 | D:4      | Killed a black bear
  2098 | D:4      | Reached XP level 6. HP: 54/55 MP: 6/6
  2102 | D:4      | Reached skill level 5 in Fighting
  2110 | D:4      | Identified the +1 robe of the Amoeba {rC+ Str-3 Dex+4}
  2263 | D:4      | Reached skill level 5 in Axes
  2272 | D:4      | Reached skill level 5 in Armour
  2272 | D:4      | Reached skill level 5 in Shields
  2477 | D:4      | Reached XP level 7. HP: 61/61 MP: 7/7
  2492 | D:4      | Noticed Grinder
  2505 | D:4      | Killed Grinder
  2564 | D:4      | Noticed Natasha
  2573 | D:4      | Killed Natasha
  2658 | D:5      | Entered Level 5 of the Dungeon
  2667 | D:5      | Noticed Duvessa
  2677 | D:5      | Killed Duvessa
  2677 | D:5      | Noticed Dowan
  2678 | D:5      | Reached skill level 6 in Axes
  2684 | D:5      | Killed Dowan
  2685 | D:5      | Reached XP level 8. HP: 63/70 MP: 8/8
  2697 | D:5      | Noticed a yak
  2712 | D:5      | Killed a yak
  2714 | D:5      | Noticed a yak
  2715 | D:5      | Noticed a yak
  2716 | D:5      | Noticed a yak
  2727 | D:5      | Noticed a yak
  2733 | D:4      | Killed a yak
  2750 | D:4      | Killed a yak
  2751 | D:4      | Reached skill level 7 in Axes
  2765 | D:4      | Killed a yak
  2928 | D:5      | Killed a yak
  3058 | D:5      | Reached XP level 9. HP: 79/79 MP: 9/9
  3251 | D:5      | Noticed Sigmund
  3256 | D:5      | Killed Sigmund
  3275 | D:5      | Found a stormy altar of Qazlal.
  3332 | D:5      | Noticed Edmund
  3345 | D:5      | Killed Edmund
  3346 | D:5      | Reached skill level 8 in Axes
  3448 | D:5      | Noticed Menkaure
  3456 | D:5      | Killed Menkaure
  3977 | D:6      | Found Omoawewn's Antique Armour Shop.
  4050 | D:6      | Found Uxtazoc's Magic Scroll Shop.
  4117 | D:6      | Bought a scroll of identify for 22 gold pieces
  4117 | D:6      | Bought a scroll of identify for 22 gold pieces
  4117 | D:6      | Bought a scroll of enchant armour for 82 gold pieces
  4117 | D:6      | Bought a scroll of enchant weapon for 82 gold pieces
  4117 | D:6      | Bought a scroll of identify for 22 gold pieces
  4117 | D:6      | Bought a scroll of noise for 11 gold pieces
  4134 | D:6      | Found Kiom's Antique Weapon Shop.
  4221 | D:6      | Reached skill level 9 in Axes
  4414 | D:6      | Found Fezul's Antique Weapon Boutique.
  4516 | D:6      | Reached XP level 10. HP: 91/91 MP: 10/10
  4522 | D:6      | Found a staircase to the Ecumenical Temple.
  4664 | D:6      | Found Cophui's Assorted Antiques.
  4667 | D:6      | Bought a scroll of identify for 42 gold pieces
  5299 | D:7      | Noticed Maggie
  5315 | D:7      | Killed Maggie
  5592 | D:7      | Found a basalt altar of Yredelemnul.
  5726 | D:7      | You fall into a shaft and drop 3 floors!
  5726 | D:10     | Entered Level 10 of the Dungeon
  5771 | D:10     | Found an iron altar of Okawaru.
  5771 | D:10     | Noticed a two-headed ogre
  5865 | D:9      | Reached skill level 10 in Axes
  6284 | D:7      | Reached skill level 10 in Fighting
  6328 | D:8      | Became a worshipper of Beogh the Brigand
  6427 | D:8      | Found an opulent altar of Gozag.
  6496 | D:8      | Noticed Pikel
  6561 | D:8      | Killed Pikel
  6562 | D:8      | Reached skill level 1 in Invocations
  7203 | D:7      | Reached XP level 11. HP: 101/101 MP: 12/12
  7400 | D:8      | Found a staircase to the Lair.
  7491 | D:8      | Reached skill level 11 in Axes
  7560 | D:9      | Noticed a purple ugly thing
  7573 | D:9      | Killed a purple ugly thing
  7596 | D:9      | Reached * piety under Beogh
  7660 | D:9      | Noticed a two-headed ogre
  7675 | D:9      | Killed a two-headed ogre
  8103 | D:6      | Bought a shimmering long sword for 212 gold pieces
  8103 | D:6      | Identified the +8 long sword of Bedazzled Optimality {pain,
                  | Str+6 Stlth+} (You bought it in a shop on level 6 of the
                  | Dungeon)
  8355 | D:10     | Noticed Urug
  8378 | D:10     | Killed Urug
  8379 | D:10     | Reached skill level 10 in Armour
  8379 | D:10     | Reached skill level 10 in Shields
  8640 | D:10     | Reached ** piety under Beogh
  8758 | D:10     | Found a staircase to the Orcish Mines.
  9062 | D:10     | Killed a two-headed ogre
  9063 | D:10     | Reached skill level 5 in Invocations
  9440 | D:10     | Found an ornate altar of the Wu Jian Council.
  9488 | D:11     | Noticed a manticore
  9568 | D:10     | Killed a manticore
  9611 | D:11     | Found a transporter.
  9611 | D:11     | Noticed a boulder beetle
  9813 | Lair:1   | Entered Level 1 of the Lair of Beasts
  9863 | Lair:1   | Reached skill level 12 in Axes
  9904 | Lair:1   | Upgraded the game from 0.30-a0-711-gf4ac18a38d to
                  | 0.30-a0-715-gdb4ae3ece1
 10118 | Lair:1   | Reached XP level 12. HP: 109/110 MP: 16/16
 10697 | Lair:1   | Reached *** piety under Beogh
 11346 | Lair:2   | Found a sacrificial altar of Ru.
 11424 | Lair:2   | Identified the ring "Amaaton" {Will+ Str+6 SInv}
 11516 | Lair:2   | Found a hole to the Spider Nest.
 11666 | Lair:2   | Reached skill level 13 in Axes
 11675 | Lair:2   | Found a runed translucent gate.
 11676 | Lair:2   | Found a runed translucent gate.
 11677 | Lair:2   | Found a runed translucent gate.
 11678 | Lair:2   | Noticed ParallaxScroll's ghost (journeyman TrHs)
 11679 | Lair:2   | Noticed a great orb of eyes
 11684 | Lair:2   | Found a viscous altar of Jiyva.
 12087 | Lair:3   | Identified a scroll of acquirement
 12087 | Lair:3   | Acquired the ring "Juotot" {rElec MP+9 Dex-2 Slay+2}
 12118 | Lair:3   | Reached **** piety under Beogh
 12206 | Lair:3   | Reached XP level 13. HP: 119/119 MP: 19/19
 12291 | Lair:3   | Identified the +6 long sword of Megalomania {holy, *Corrode
                  | rC++ Dex+3}
 12506 | Lair:3   | Found a staircase to the Swamp.
 12973 | Lair:4   | Reached skill level 14 in Axes
 13004 | Lair:4   | Reached ***** piety under Beogh
 13126 | Lair:4   | Found a viscous altar of Jiyva.
 13126 | Lair:4   | Found a staircase to the Slime Pits.
 13306 | Lair:5   | Entered Level 5 of the Lair of Beasts
 13516 | Lair:5   | Reached skill level 10 in Invocations
 13703 | Lair:5   | Reached XP level 14. HP: 103/130 MP: 22/22
 13704 | Lair:5   | Gained Borgun as an ally
 13887 | Lair:5   | Paralysed by a hornet for 3 turns
 13904 | Lair:5   | Your ally Borgun died
 13920 | Lair:5   | Reached skill level 15 in Axes
 14068 | Lair:5   | Gained Dorog as an ally
 14107 | Lair:5   | Your ally Dorog died
 14110 | Lair:5   | Gained Ugrim as an ally
 14190 | Lair:5   | Your ally Ugrim died
 14275 | Lair:5   | Identified the +1 ring mail of Philately {rN+++ Will+ Dex+3
                  | Slay-2}
 14487 | Lair:5   | Reached ****** piety under Beogh
 15254 | Orc:1    | Entered Level 1 of the Orcish Mines
 15335 | Orc:2    | Entered Level 2 of the Orcish Mines
 15468 | Orc:2    | Found Dycop's General Store.
 15476 | Orc:2    | Gained Bogdar as an ally
 15537 | Orc:2    | Paralysed by an orc sorcerer for 2 turns
 15547 | Orc:2    | Found Zataakh's Antique Weapon Shop.
 15547 | Orc:2    | Noticed a stone giant
 15559 | Orc:2    | Killed a stone giant
 15571 | Orc:2    | Reached skill level 1 in Dodging
 15617 | Orc:2    | Found a staircase to the Elven Halls.
 15777 | Orc:2    | Found Eliurits's Jewellery Shoppe.
 15809 | Orc:2    | Found Nepi's Antique Armour Boutique.
 15819 | Orc:2    | Slain by a sixfirhy

Illustrated notes

Levels and vault maps discovered:
D:1:      minmay_arrival_four_loops, layout_rooms, minmay_cupped
D:2:      layout_loops_corners, basic_altar
D:3:      layout_basic, lemuel_doored_altar, ebering_ecumenical_altar_ruins,
          minmay_misc_feat_five
D:4:      layout_basic, uniq_natasha, uniq_grinder
D:5:      layout_basic, nicolae_qazlal_eye_of_the_storm,
          guppyfry_early_lair_pool, uniq_duvessa, uniq_edmund, uniq_sigmund,
          uniq_menkaure
D:6:      kennysheep_kobold_camp, layout_loops_ring,
          minmay_temple_entry_gardened_gates, serial_shops, shop,
          nicolae_shop_temple_entry_statues_fountains, kennysheep_mini_moat,
          nicolae_shop_competitors_out_of_business, shop_statue
D:7:      layout_basic, mainiacjoe_overflow_paths, hangedman_minor_gate_pass,
          uniq_maggie
D:8:      layout_cave_pods, marbit_many_paths, lair_entry_dummy, uniq_pikel
D:9:      layout_cave_pools
D:10:     layout_roguey, lemuel_coloured_pillars_altar, old_standard_altar,
          erik_orc_2, nicolae_figureground_sparkle, uniq_urug
D:11:     gammafunk_the_bubble [the_bubble_gammafunk_plus_minus],
          layout_cave_pools, serial_rivers, chequers_serial_rivers_room_a,
          chequers_serial_rivers_micro_a, chequers_serial_rivers_micro_e,
          chequers_serial_rivers_large_b, chequers_serial_rivers_micro_c,
          chequers_serial_rivers_small_a, minivault_21
Lair:1:   layout_gridlike, wad_woods_road_04, infiniplex_staircase_pool_2
Lair:2:   layout_roguey, hellmonk_spider_entry_not_the_bees,
          gammafunk_ghost_ooze, basic_altar
Lair:3:   layout_misc_corridors, nicolae_swamp_entry_spooky
Lair:4:   layout_big_grid, dpeg_slime_entry_enclosed, kilobyte_rumbling_trees,
          serial_bayou_shore_b
Lair:5:   gammafunk_lair_ancient_temple, layout_cave_pods,
          dreamdust_mushroom_princess, minivault_23
Orc:1:    layout_caves
Orc:2:    grunt_orc_gardens, layout_diamond_mine, grunt_orc_garden,
          grunt_orc_garden, grunt_orc_garden, grunt_orc_garden

Skill      XL: |  1  2  3  4  5  6  7  8  9 10 11 12 13 14 |
---------------+-------------------------------------------+-----
Axes           | 3 4 5 6 7 9 10 12 13 14 15 | 15.5
Fighting       | 4 5 6 7 9 10 11 12 13 14 | 14.6
Shields        | 4 5 6 8 9 10 11 12 13 | 13.5
Armour         | 4 5 6 8 9 10 11 12 13 | 13.5
Invocations    | 2 6 8 10 12 | 12.0
Dodging        | 1 |  1.9

Action                     |  1- 3 |  4- 6 |  7- 9 | 10-12 | 13-15 || total
---------------------------+-------+-------+-------+-------+-------++-------
  Melee: War axe           |    85 |   129 |   197 |   578 |   379 ||  1368
         Long sword        |       |       |       |   239 |       ||   239
         Spear             |       |       |       |    18 |       ||    18
         Morningstar       |       |       |       |       |    11 ||    11
  Throw: Dart              |       |       |     8 |    32 |     1 ||    41
 Invoke: Convert to Beogh  |       |       |       |     1 |       ||     1
         Smiting           |       |       |       |     1 |       ||     1
         Give Item to Name |       |       |       |       |     2 ||     2
         Recall Orcish Fol |       |       |       |       |     1 ||     1
  Evoke: Wand              |       |       |     5 |    23 |     7 ||    35
         Tin of tremorston |       |       |       |     2 |       ||     2
    Use: Potion            |       |       |     3 |     6 |       ||     9
         Scroll            |       |       |    17 |    13 |     7 ||    37
   Stab: Invisible         |       |       |     3 |    10 |     2 ||    15
         Distracted        |       |       |       |       |     5 ||     5
         Petrified         |       |       |       |       |     1 ||     1
 Armour: Plate armour      |    61 |   117 |   115 |   475 |   203 ||   971
         Scale mail        |     2 |       |       |       |       ||     2
         Skin              |       |       |       |    20 |       ||    20
  Dodge: Dodged            |    20 |    17 |    30 |   206 |    86 ||   359
  Block: Buckler           |    16 |       |       |       |       ||    16
         Kite shield       |    11 |    50 |    92 |   604 |   190 ||   947

Table legend: (Time is in decaauts)
 A = Elapsed time spent in this place.
 B = Non-inter-level travel time spent in this place.
 C = Inter-level travel time spent in this place.
 D = Time resting spent in this place.
 E = Time spent auto-exploring this place.
 F = Levels seen in this place.
 G = Mean time per level.
                   A        B        C        D        E       F      G
               +--------+--------+--------+--------+--------+-----+--------+
         Total |  16137 |  14852 |   1285 |   1661 |   8262 |  18 |  896.5 |
       Dungeon |  10292 |   9427 |    865 |   1288 |   5184 |  11 |  935.6 |
          Lair |   5285 |   4889 |    396 |    367 |   2704 |   5 | 1057.0 |
  Orcish Mines |    558 |    535 |     23 |      5 |    373 |   2 |  279.0 |
               +--------+--------+--------+--------+--------+-----+--------+

Top non-repeatable levels by time:
  Lair:5: 1581 daAuts
    D:10: 1573 daAuts
  Lair:1: 1563 daAuts
     D:7: 1427 daAuts
     D:8: 1302 daAuts
     D:5: 1143 daAuts
     D:6: 1074 daAuts
     D:4: 974 daAuts
     D:2: 918 daAuts
  Lair:4: 837 daAuts
     D:9: 762 daAuts
  Lair:3: 704 daAuts
  Lair:2: 598 daAuts
     D:1: 537 daAuts
     D:3: 524 daAuts
